 Dungeon Crawl Stone Soup version 0.30-a0-1075-gcd70e7a56d (webtiles) character file.

Game seed: 8571199954855991626

132968 Lobster4 the Marksminotaur (level 16, 0/132 HPs)
             Began as a Minotaur Hunter on Apr 15, 2023.
             Was the Champion of Hepliaklqana.
             Killed from afar by a deep elf knight (19 damage)
             ... with a shard of ice
             ... on level 2 of the Elven Halls.
             The game lasted 01:31:11 (27918 turns).

Lobster4 the Marksminotaur (Minotaur Hunter)       Turns: 27918, Time: 01:31:12

Health: 0/132      AC: 24    Str: 21    XL:     16   Next: 58%
Magic:  18/18      EV: 21    Int: 11    God:    Hepliaklqana [******]
Gold:   1962       SH:  0    Dex: 22    Spells: 17/23 levels left

rFire   + + .      SeeInvis +    a - +3 arbalest of Untonoso {penet, Will+}
rCold   + . .      Faith    .    (shield currently unavailable)
rNeg    + . .      Spirit   .    I - +3 ring mail of the Jabberwock {rF++ rC+ Int+3}
rPois   .          Reflect  .    l - +3 crown of Dyrovepreva {rElec Int+2 SInv}
rElec   +          Rampage  .    e - +2 cloak {rCorr}
rCorr   +          Clarity  +    u - +2 pair of gloves
Will    +++++                    t - +2 pair of boots Stlth
                                 U - amulet of the Four Winds {rN+ Will+++ Clar}
HPRegen 0.42/turn                X - +4 ring of slaying
MPRegen 0.16/turn                k - ring of Yneas {rCorr Str+5}

@: silenced (expiring), studying Summonings
A: reduced essence, horns 2, retaliatory headbutt, low MP 1
a: Renounce Religion


You were on level 2 of the Elven Halls.
You worshipped Hepliaklqana.
Hepliaklqana was exalted by your worship.
You visited 6 branches of the dungeon, and saw 26 of its levels.
You also visited: Sewer, Bailey and Gauntlet.

You collected 3541 gold pieces.
You spent 1579 gold pieces at shops.

Inventory:

Hand Weapons
 a - the +3 arbalest of Untonoso (weapon) {penet, Will+}
   (You acquired it on level 9 of the Dungeon)

   Will:      It increases your willpower.
 b - the +8 whip "Snakebite" {venom, curare, rPois}
   (You found it on level 2 of the Lair of Beasts)

   rPois:     It protects you from poison.
 K - a +2 sling of flaming
 Q - a +4 hand crossbow of draining
Armour
 e - a +2 cloak of preservation (worn)
 l - the +3 crown of Dyrovepreva (worn) {rElec Int+2 SInv}
   (You bought it in a shop on level 2 of the Orcish Mines)

   Int:       It affects your intelligence (+2).
   rElec:     It insulates you from electricity.
   SInv:      It lets you see invisible.
 t - a +2 pair of boots (worn)
 u - a +2 pair of gloves (worn)
 I - the +3 ring mail of the Jabberwock (worn) {rF++ rC+ Int+3}
   (You bought it in a shop on level 2 of the Orcish Mines)

   Int:       It affects your intelligence (+3).
   rF:        It greatly protects you from fire.
   rC:        It protects you from cold.
Magical Staves
 V - a staff of poison
Jewellery
 k - the ring of Yneas (right hand) {rCorr Str+5}
   (You found it in a Gauntlet)

   [ring of resist corrosion]

   Str:       It affects your strength (+5).
   rCorr:     It protects you from acid and corrosion.
 w - a ring of protection from cold
 U - the amulet of the Four Winds (around neck) {rN+ Will+++ Clar}
   (You found it on level 11 of the Dungeon)

   [amulet of nothing]

   rN:        It protects you from negative energy.
   Clar:      It protects you against confusion.
   Will:      It greatly increases your willpower.
 X - a +4 ring of slaying (left hand)
Wands
 d - a wand of digging (2)
 p - a wand of paralysis (24)
 C - a wand of roots (7)
 H - a wand of light (9)
 J - a wand of flame (39)
 N - a wand of mindburst (12)
Scrolls
 f - 2 scrolls of blinking
 g - 2 scrolls of fear
 h - 6 scrolls of immolation
 m - 2 scrolls of magic mapping
 r - 2 scrolls of enchant armour
 z - a scroll of silence
 B - 8 scrolls of teleportation
 G - 3 scrolls of amnesia
 M - 2 scrolls of brand weapon
 P - 6 scrolls of poison
 Y - a scroll of butterflies
Potions
 c - 2 potions of lignification
 i - 2 potions of heal wounds
 n - 5 potions of brilliance
 o - 8 potions of curing
 q - 2 potions of magic
 s - 3 potions of haste
 v - 9 potions of flight
 D - 4 potions of mutation
 F - 4 potions of might
 L - 3 potions of cancellation
 T - a potion of invisibility
Miscellaneous
 E - a box of beasts (inert)
 O - a phantom mirror
 R - a phial of floods
 W - a lightning rod (1/4)


   Skills:
 + Level 14.4 Fighting
 - Level 2.0 Short Blades
 - Level 5.0 Maces & Flails
 * Level 17.6 Ranged Weapons
 - Level 3.0 Throwing
 + Level 13.6 Armour
 + Level 13.3 Dodging
 - Level 1.0 Stealth
 - Level 4.0 Spellcasting
 - Level 4.0 Conjurations
 - Level 10.0 Summonings
 - Level 4.0 Earth Magic
 + Level 7.8 Invocations
 - Level 3.0 Evocations


You had 17 spell levels left.
You knew the following spells:

 Your Spells              Type           Power      Damage    Failure   Level
a - Stone Arrow           Conj/Erth      22%        3d8       19%         3
b - Call Canine Familiar  Summ           24%        N/A       1%          3

Your spell library contained the following spells:

 Spells                   Type           Power      Damage    Failure   Level
 Summon Small Mammal      Summ           96%        N/A       1%          1
 Magic Dart               Conj           44%        1d5       6%          1
 Searing Ray              Conj           22%        2d5       10%         2
 Summon Guardian Golem    Hex/Summ       13%        N/A       13%         3
 Kiss of Death            Conj/Necr      24%        2d7       14%         1
 Shock                    Conj/Air       24%        1d4       14%         1
 Animate Armour           Summ/Erth      34%        N/A       19%         4
 Momentum Strike          Conj/Tloc      12%        3d8       22%         2
 Beastly Appendage        Tmut           4%         N/A       32%         1
 Freeze                   Ice            8%         1d3       32%         1
 Necrotise                Necr           8%         1d4       32%         1
 Summon Ice Beast         Ice/Summ       13%        N/A       38%         4
 Summon Lightning Spire   Summ/Air       13%        N/A       38%         4
 Dazzling Flash           Conj/Hex       12%        N/A       41%         3
 Hailstorm                Conj/Ice       6%         3d4       41%         3
 Blink                    Tloc           4%         N/A       45%         2
 Lesser Beckoning         Tloc           4%         N/A       45%         2
 Poisonous Vapours        Pois/Air       4%         N/A       45%         2
 Wereblood                Tmut           2%         N/A       45%         2
 Mephitic Cloud           Conj/Pois/Air  5%         N/A       52%         3
 Confusing Touch          Hex            2%         N/A       69%         3
 Frozen Ramparts          Ice            4%         1d1       69%         3
 Gell's Gravitas          Tloc           2%         N/A       69%         3
 Portal Projectile        Hex/Tloc       4%         N/A       69%         3
 Spider Form              Tmut/Pois      2%         N/A       69%         3
 Swiftness                Air            2%         N/A       69%         3
 Teleport Other           Tloc           2%         N/A       69%         3
 Vampiric Draining        Necr           2%         2d6       69%         3
 Volatile Blastmotes      Fire/Tloc      4%         2d10      69%         3
 Fulminant Prism          Conj/Hex       3%         3d5       82%         4
 Iskenderun's Mystic Bla  Conj/Tloc      6%         2d4       82%         4
 Leda's Liquefaction      Hex/Erth       3%         N/A       82%         4
 Petrify                  Tmut/Erth      6%         N/A       82%         4
 Lee's Rapid Deconstruct  Erth           5%         3d6*      87%         5
 Airstrike                Air            1%         2d(1-17)  97%         4
 Animate Dead             Necr           2%         N/A       97%         4
 Cause Fear               Hex            1%         N/A       97%         4
 Dispel Undead            Necr           2%         3d7       97%         4
 Ice Form                 Ice/Tmut       2%         N/A       97%         4
 Freezing Cloud           Conj/Ice/Air   2%         6-21      99%         5
 Agony                    Necr           2%         N/A       100%        5
 Silence                  Hex/Air        1%         N/A       100%        5
 Lehudib's Crystal Spear  Conj/Erth      5%         10d3      100%        8


Dungeon Overview and Level Annotations

Branches:
Dungeon (15/15)            Temple (1/1) D:4            Lair (5/5) D:11
  Swamp (1/4) Lair:2        Snake (0/4) Lair:3        Slime (0/5) Lair:5
    Orc (2/2) D:12            Elf (2/3) Orc:2        Vaults (0/5) D:13
 Depths (0/4) D:15          Sewer (visited)          Bailey (visited)
Gauntlet (visited)

Altars:
Ashenzari
Cheibriados
Dithmenos
Elyvilon
Fedhas
Gozag
Hepliaklqana
Makhleb
Nemelex Xobeh
Okawaru
Ru
Sif Muna
Trog
Uskayaw
Vehumet
Xom
Yredelemnul
Zin
The Shining One

Shops:
D:5 *   D:7 ?   Orc:2 *:([   Elf:1 *

Annotations:
Swamp:1 Louise
Elf:1 3 runed translucent doors, 0gre's ghost, adept GnIE; Baunymm's ghost, journeyman DsBe; Muofodoe's ghost, adept SpHu


Innate Abilities, Weirdness & Mutations

Your life essence is reduced to manifest your ancestor. (-10% HP)
You have a pair of horns on your head.
You reflexively headbutt those who attack you in melee.
Your magical capacity is low. (-10% MP)


Message History

The deep elf knight hits you with a +0 short sword!
* * * LOW HITPOINT WARNING * * *
The deep elf zephyrmancer misses you. You furiously retaliate!
You headbutt the deep elf zephyrmancer.
The deep elf archer shoots an arrow.
The arrow hits you!
* * * LOW HITPOINT WARNING * * *
You feel much better.
The deep elf knight hits you but does no damage.
The deep elf zephyrmancer hits you but does no damage.
The deep elf knight casts a spell.
The deep elf knight flickers and vanishes for a moment.
The deep elf archer shoots an arrow.
The arrow misses you.
Okay, then.
Okay, then.
Unknown command.
Aim the phial where?
Press: ? - help, Shift-Dir - straight line, f - deep elf zephyrmancer
Aim: a deep elf zephyrmancer, wielding a +0 rapier and wearing a +0 ring mail (almost dead)
Okay, then.
You open the lid... ...and a larval batfire beast flies out!
The box is emptied!
The deep elf knight hits you with a +0 short sword!
* * * LOW HITPOINT WARNING * * *
The deep elf zephyrmancer barely misses you.
You furiously retaliate!
You headbutt the deep elf zephyrmancer!
You kill the deep elf zephyrmancer!
The deep elf archer shoots an arrow.
The arrow hits you.
* * * LOW HITPOINT WARNING * * *
Aiming: Fastroot
Press: ? - help, Shift-Dir - straight line The roots erupt in riotous growth!
Roots grab the deep elf archer. x2
The grasping roots constrict the deep elf archer.
The grasping roots constrict the deep elf archer!
The deep elf knight hits you with a +0 short sword.
* * * LOW HITPOINT WARNING * * *
The deep elf knight casts a spell at you.
The shard of ice hits you!! You partially resist.
You die...

#....#.[)...###.# #.####
#......)....'...###....#
'..........####........#
#.........## ##.###.###
##.......## ##'###'##
##'####'# ##.......#
#.####.#####.........
#.........H#e........
#######...@))........
#[##e#)e.......
#.##.#.....#..
#######....# .....#
...#### ...(# e....#
ee.(.⌠#


You could see 2 deep elf archers, a deep elf knight (fast, invisible) and a
friendly larval batfire beast (summoned).

Vanquished Creatures
  A deep elf sorcerer (Elf:1)
  2 orc warlords
  2 deep elf demonologists (Elf:2)
  2 deep elf annihilators
  A deep elf death mage (Elf:2)
  A fire dragon (Lair:5)
  Josephine (D:10)
  5 hydras
  An ogre mage (D:13)
  2 boulder beetles
  4 centaur warriors
  8 two-headed ogres
  5 dancing weapons
  4 death yaks
  6 deep elf knights
  5 orc high priests
  A fire crab (Lair:5)
  A glowing orange brain (D:15)
  A wizard (D:13)
  A necromancer (D:13)
  14 deep elf zephyrmancers
  6 deep elf archers
  3 orc knights
  3 cyclopes
  5 orc sorcerers
  12 deep elf pyromancers
  2 ugly things (D:15)
  2 manticores
  A worldbinder (Gauntlet)
  Joseph (D:8)
  An elephant (Lair:2)
  6 black mambas
  2 molten gargoyles (Lair:5)
  A torpor snail (Lair:3)
  5 cane toads
  2 gargoyles
  Maggie (D:10)
  A rime drake (Lair:3)
  3 kobold demonologists
  3 tengu conjurers
  A freezing wraith (D:15)
  4 komodo dragons
  A troll (shapeshifter) (Elf:1)
  12 trolls
  A hornet (D:5)
  18 blink frogs
  4 shadows
  A vampire (D:12)
  41 yaks
  14 slime creatures
  7 wyverns
  5 fire bats (Gauntlet)
  5 wraiths
  A fire elemental (Elf:2)
  2 chaos spawn (Gauntlet)
  12 humans (D:13)
  4 basilisks
  3 steam dragons
  A neqoxec (Gauntlet)
  9 vampire mosquitoes
  2 wargs
  3 nagas (Lair:3)
  3 acid dragons
  18 water moccasins
  Duvessa (D:6)
  5 hell hounds
  2 ice beasts
  2 sky beasts
  4 black bears
  38 orc warriors
  12 ogres
  3 wolves (Lair:4)
  3 boggarts (Gauntlet)
  8 centaurs
  An earth elemental (Elf:2)
  A kobold brigand (D:7)
  5 bullfrogs
  A gnoll sergeant (D:11)
  Dowan (D:6)
  9 wights
  2 hornet simulacra (D:15)
  A troll zombie (D:12)
  6 killer bees (D:10)
  5 howler monkeys
  7 electric eels
  4 lava snakes (Lair:5)
  4 jellies
  A bullfrog zombie (D:7)
  2 centaur zombies (D:7)
  9 orc priests
  4 hounds
  2 sleepcaps (D:6)
  15 orc wizards
  A killer bee zombie (D:7)
  6 ogre zombies (D:12)
  2 howler monkey zombies (D:7)
  11 gnolls
  12 adders
  5 dart slugs
  51 orcs
  4 endoplasms
  A giant cockroach (D:1)
  12 goblins
  6 hobgoblins
  6 jackals
  4 quokkas
  5 ball pythons
  9 bats
  3 frilled lizards
  3 goblin zombies (D:12)
  2 hobgoblin skeletons (D:12)
  3 hobgoblin zombies (D:12)
  11 kobolds
  An orc skeleton (D:12)
  11 orc zombies (D:12)
627 creatures vanquished.

Vanquished Creatures (collateral kills)
  Gastronok (D:10)
  A minotaur (Gauntlet)
  2 hydras (Lair:5)
  2 vault guards (D:13)
  An ogre mage (D:15)
  2 catoblepae
  A boulder beetle (D:15)
  3 two-headed ogres
  A satyr (shapeshifter) (D:15)
  2 dancing weapons
  Erica (D:8)
  A death yak (Lair:3)
  A fire crab (Gauntlet)
  A deep elf zephyrmancer (Elf:1)
  3 ugly things (D:15)
  4 deep elf pyromancers
  An orc knight (Orc:2)
  A manticore (D:12)
  2 cyclopes
  2 orc sorcerers
  2 elephants (Lair:2)
  An unseen horror (D:12)
  2 komodo dragons (Lair:5)
  5 slime creatures
  An air elemental (Elf:1)
  A shadow (D:10)
  A wraith (D:7)
  2 basilisks
  9 humans (D:13)
  13 yaks
  3 vampire mosquitoes
  2 wargs (Orc:2)
  2 acid dragons
  5 water moccasins
  A sky beast (D:8)
  An ice beast (D:8)
  7 orc warriors
  4 ogres
  A bullfrog (D:6)
  2 wyvern zombies (D:7)
  6 wights
  An electric eel (Bailey)
  3 centaur zombies (D:7)
  A bullfrog zombie (D:7)
  A jelly (D:6)
  A gnoll bouda (Orc:1)
  2 hounds
  3 orc priests
  Crazy Yiuf (D:2)
  10 orc wizards
  A killer bee zombie (D:7)
  An ogre zombie (D:12)
  3 gnolls
  An adder (D:6)
  A white imp (D:8)
  14 orcs
  2 bats (Sewer)
  3 goblins
  5 hobgoblins (Bailey)
  A hobgoblin zombie (D:12)
  2 kobolds (D:7)
  4 orc zombies (D:12)
165 creatures vanquished.

Vanquished Creatures (others)
  A dancing weapon (Elf:2)
  An orc high priest (Orc:1)
  A water elemental (Elf:2)
  A lava snake (Lair:5)
  20 knights
  3 ancestors
  An orc (Orc:1)
  14 demonic plants (Gauntlet)
  31 fungi
  21 plants
  9 withered plants
103 creatures vanquished.

Grand Total: 895 creatures vanquished

Notes
Turn   | Place    | Note
-------+----------+-------------------------------------------
     0 | D:1      | Lobster4 the Minotaur Hunter began the quest for the Orb.
     0 | D:1      | Reached XP level 1. HP: 18/18 MP: 0/0
    87 | D:1      | Reached skill level 1 in Stealth
    87 | D:1      | Reached XP level 2. HP: 25/25 MP: 1/1
   125 | D:1      | Reached skill level 1 in Armour
   606 | D:1      | Reached XP level 3. HP: 31/31 MP: 2/2
  1664 | D:2      | Found a runed translucent door.
  1665 | D:2      | Noticed Crazy Yiuf
  1982 | D:3      | Reached XP level 4. HP: 38/38 MP: 3/3
  2356 | D:3      | Reached skill level 5 in Ranged Weapons
  2356 | D:3      | Reached XP level 5. HP: 46/46 MP: 3/5
  3229 | D:4      | Reached skill level 1 in Spellcasting
  3344 | D:4      | Found a staircase to the Ecumenical Temple.
  3350 | Temple   | Entered the Ecumenical Temple
  3356 | Temple   | Became a worshipper of Hepliaklqana the Forgotten
  3412 | D:4      | Learned a level 3 spell: Stone Arrow
  3529 | D:4      | Noticed a black bear
  3595 | D:4      | Reached XP level 6. HP: 52/52 MP: 6/6
  3991 | D:5      | Entered Level 5 of the Dungeon
  4002 | D:5      | Noticed a water moccasin
  4045 | D:5      | Reached * piety under Hepliaklqana
  4109 | D:5      | Found a radiant altar of Vehumet.
  4113 | D:5      | Found a sparkling altar of Nemelex Xobeh.
  4115 | D:5      | Found a glowing golden altar of the Shining One.
  4144 | D:5      | Found a blossoming altar of Fedhas.
  4144 | D:5      | Found a shimmering altar of Xom.
  4191 | D:5      | Noticed a hornet
  4196 | D:5      | Killed a hornet
  4197 | D:5      | Reached skill level 1 in Throwing
  4197 | D:5      | Reached skill level 1 in Earth Magic
  4197 | D:5      | Reached skill level 1 in Invocations
  4197 | D:5      | Reached XP level 7. HP: 54/54 MP: 6/8
  4306 | D:5      | Reached skill level 1 in Conjurations
  4531 | D:5      | Found Xicof's General Store.
  4541 | D:5      | Bought a scroll of identify for 22 gold pieces
  4636 | D:5      | Found a shadowy altar of Dithmenos.
  5043 | D:6      | Reached XP level 8. HP: 59/60 MP: 9/9
  5081 | D:6      | Reached skill level 5 in Fighting
  5126 | D:6      | Found a glowing drain.
  5135 | Sewer    | Entered a sewer
  5178 | Sewer    | Reached skill level 6 in Ranged Weapons
  5178 | Sewer    | Reached skill level 1 in Evocations
  5579 | D:6      | Noticed Duvessa
  5580 | D:6      | Noticed Dowan
  5591 | D:6      | Killed Duvessa
  5592 | D:6      | Reached skill level 5 in Dodging
  5603 | D:6      | Killed Dowan
  5833 | D:6      | Reached ** piety under Hepliaklqana
  5978 | D:6      | Remembered your ancestor Jabu as a knight
  6185 | D:2      | Killed Crazy Yiuf
  6463 | D:7      | Reached skill level 1 in Short Blades
  6463 | D:7      | Reached XP level 9. HP: 66/66 MP: 11/11
  6490 | D:7      | Reached skill level 5 in Armour
  6556 | D:7      | Found a shimmering blue altar of Sif Muna.
  7135 | D:7      | Found a hide-covered altar of Uskayaw.
  7233 | D:7      | Reached skill level 7 in Ranged Weapons
  7258 | D:7      | Found The Oracle's Delphic Readings.
  7738 | D:8      | Reached XP level 10. HP: 39/75 MP: 13/13
  7760 | D:8      | Found a flagged portal.
  7804 | Bailey   | Entered a bailey
  8351 | Bailey   | Reached skill level 8 in Ranged Weapons
  8502 | Bailey   | Noticed an orc knight
  8534 | Bailey   | Killed an orc knight
  8609 | Bailey   | Found an iron altar of Okawaru.
  8609 | Bailey   | Noticed an orc sorcerer
  8622 | Bailey   | Killed an orc sorcerer
  8739 | Bailey   | Identified the +3 dire flail "Heemot" {flame, *Slow +Blink
                  | MP+9}
  8888 | D:8      | Noticed Joseph
  8905 | D:8      | Killed Joseph
  9066 | D:8      | Found a white marble altar of Elyvilon.
  9066 | D:8      | Noticed Erica
  9080 | D:8      | Killed Erica
  9278 | D:9      | Reached XP level 11. HP: 84/84 MP: 15/15
  9514 | D:9      | Acquired a +4 hand crossbow of draining
  9516 | D:9      | Acquired the +3 arbalest of Untonoso {penet, Will+}
  9518 | D:9      | Acquired a manual of Summonings
  9528 | D:9      | Reached *** piety under Hepliaklqana
  9870 | D:9      | Found an iron altar of Okawaru.
  9957 | D:9      | Noticed a two-headed ogre
 10120 | D:9      | Reached skill level 9 in Ranged Weapons
 10239 | D:9      | Killed a two-headed ogre
 10240 | D:9      | Reached skill level 1 in Summonings
 10377 | D:10     | Entered Level 10 of the Dungeon
 10467 | D:10     | Noticed Josephine
 10474 | D:10     | Killed Josephine
 10550 | D:10     | Reached skill level 10 in Ranged Weapons
 10550 | D:10     | Reached XP level 12. HP: 95/95 MP: 15/17
 10573 | D:10     | Noticed Gastronok
 10585 | D:10     | Killed Gastronok
 10586 | D:10     | Reached skill level 11 in Ranged Weapons
 11239 | D:10     | Reached skill level 10 in Fighting
 11239 | D:10     | Reached skill level 5 in Summonings
 11421 | D:10     | Noticed a two-headed ogre
 11809 | D:10     | Noticed Maggie
 11820 | D:10     | Killed Maggie
 11910 | D:11     | Found a staircase to the Lair.
 12097 | D:11     | Found the amulet of the Four Winds {rN+ Will+++ Clar}
 12208 | D:11     | Found a burning altar of Makhleb.
 12221 | D:11     | Reached **** piety under Hepliaklqana
 12269 | D:11     | Noticed a two-headed ogre
 12275 | D:11     | Killed a two-headed ogre
 12336 | D:11     | Found a sparkling altar of Nemelex Xobeh.
 12404 | D:11     | Noticed a two-headed ogre
 12410 | D:11     | Killed a two-headed ogre
 12411 | D:11     | Reached XP level 13. HP: 86/102 MP: 18/18
 12735 | D:12     | Reached skill level 12 in Ranged Weapons
 12757 | D:12     | Reached skill level 10 in Armour
 12783 | D:12     | Found a staircase to the Orcish Mines.
 12960 | D:12     | Learned a level 3 spell: Call Canine Familiar
 13040 | D:12     | Reached skill level 10 in Dodging
 13915 | Orc:1    | Entered Level 1 of the Orcish Mines
 13987 | Orc:1    | Gained mutation: Your magical capacity is low. (-10% MP) [a
                  | neqoxec]
 14018 | Orc:1    | Noticed an orc warlord
 14222 | Lair:1   | Entered Level 1 of the Lair of Beasts
 14342 | Lair:1   | Found a gate leading to a gauntlet.
 14358 | Lair:1   | Got Everyday Thaumaturgy
 14366 | Gauntlet | Entered a Gauntlet
 14366 | Gauntlet | Reached ***** piety under Hepliaklqana
 14366 | Gauntlet | Found a transporter.
 14366 | Gauntlet | Found a transporter.
 14366 | Gauntlet | Found a transporter.
 14367 | Gauntlet | Found a transporter.
 14370 | Gauntlet | Found a transporter.
 14370 | Gauntlet | Found a transporter.
 14372 | Gauntlet | Found a large runed translucent door.
 14373 | Gauntlet | Found a large runed translucent door.
 14374 | Gauntlet | Found a large runed translucent door.
 14374 | Gauntlet | Found a large runed translucent door.
 14374 | Gauntlet | Found a runed translucent door.
 14374 | Gauntlet | Found a runed translucent door.
 14375 | Gauntlet | Found a large runed translucent door.
 14375 | Gauntlet | Found a large runed translucent door.
 14375 | Gauntlet | Found a large runed translucent door.
 14375 | Gauntlet | Found a large runed translucent door.
 14376 | Gauntlet | Found a large runed translucent door.
 14376 | Gauntlet | Found a large runed translucent door.
 14377 | Gauntlet | Found a large runed translucent door.
 14377 | Gauntlet | Found a large runed translucent door.
 14378 | Gauntlet | Found a runed translucent gate.
 14378 | Gauntlet | Found a runed translucent gate.
 14378 | Gauntlet | Found a runed translucent gate.
 14380 | Gauntlet | Found a transporter.
 14384 | Gauntlet | Found a transporter.
 14394 | Gauntlet | Found a transporter.
 14426 | Gauntlet | Found a large runed translucent door.
 14426 | Gauntlet | Found a large runed translucent door.
 14429 | Gauntlet | Found a large runed translucent door.
 14429 | Gauntlet | Found a large runed translucent door.
 14499 | Gauntlet | Found a transporter.
 14499 | Gauntlet | Found a transporter.
 14509 | Gauntlet | Found a transporter.
 14601 | Gauntlet | Reached skill level 13 in Ranged Weapons
 14738 | Gauntlet | Identified the amulet of Murph {RegenMP Int+2}
 14975 | Gauntlet | Identified the amulet of Oenomania {Acrobat SInv}
 14975 | Gauntlet | Noticed a minotaur
 14984 | Gauntlet | Killed a minotaur
 14992 | Gauntlet | Identified the ring of Yneas {rCorr Str+5}
 14992 | Gauntlet | Identified the staff of fire "Dishre" {rElec rF+ Will+
                  | rCorr Int-2}
 14992 | Gauntlet | Identified the +5 rapier of Exquisite Death {heavy,
                  | *Corrode rPois rC+ Str+3}
 14993 | Gauntlet | Got Sophisticated Witchery
 15805 | Lair:2   | Found the +8 whip "Snakebite" {venom, curare, rPois}
 16065 | Lair:2   | Found a staircase to the Swamp.
 16072 | Lair:2   | Reached XP level 14. HP: 112/112 MP: 17/17
 16758 | Swamp:1  | Entered Level 1 of the Swamp
 16758 | Swamp:1  | Noticed Louise
 16875 | Lair:3   | Reached skill level 1 in Maces & Flails
 16878 | Lair:3   | Reached skill level 14 in Ranged Weapons
 17127 | Lair:3   | Found a staircase to the Snake Pit.
 17563 | Lair:4   | Reached ****** piety under Hepliaklqana
 18908 | Lair:5   | Entered Level 5 of the Lair of Beasts
 19021 | Lair:5   | Found a staircase to the Slime Pits.
 19805 | Lair:5   | Found a large runed translucent door.
 19806 | Lair:5   | Found a large runed translucent door.
 19813 | Lair:5   | Reached skill level 15 in Ranged Weapons
 21056 | D:13     | Found an opulent altar of Gozag.
 21106 | D:13     | Reached skill level 5 in Invocations
 21106 | D:13     | Reached XP level 15. HP: 120/120 MP: 17/17
 21328 | D:13     | Reached skill level 5 in Maces & Flails
 21367 | D:13     | Found a gate to the Vaults.
 21488 | D:14     | Identified the +0 chain mail of Verghinypo {Dex+4}
 21493 | D:14     | Acquired 909 gold pieces
 22605 | D:15     | Entered Level 15 of the Dungeon
 23182 | D:15     | Reached skill level 16 in Ranged Weapons
 23747 | D:15     | Found a staircase to the Depths.
 24133 | Orc:1    | Reached skill level 10 in Summonings
 24301 | Orc:2    | Entered Level 2 of the Orcish Mines
 24444 | Orc:2    | Found Axaviqil's Antique Armour Shop.
 24532 | Orc:2    | Found a staircase to the Elven Halls.
 24729 | Orc:2    | Bought the +3 crown of Dyrovepreva {rElec Int+2 SInv} for
                  | 1076 gold pieces
 24729 | Orc:2    | Found the +3 crown of Dyrovepreva {rElec Int+2 SInv}
 24742 | Orc:2    | Bought a bloodstained ring mail for 234 gold pieces
 24742 | Orc:2    | Identified the +3 ring mail of the Jabberwock {rF++ rC+
                  | Int+3} (You bought it in a shop on level 2 of the Orcish
                  | Mines)
 24931 | Orc:2    | Found Cimna's General Store.
 24939 | Orc:2    | Bought a +1 cloak of preservation for 247 gold pieces
 25194 | Orc:2    | Found Doamoefyufu's Book Shop.
 25339 | Orc:2    | Found Paicul's Antique Weapon Boutique.
 25743 | Elf:1    | Entered Level 1 of the Elven Halls
 25835 | Elf:1    | Reached XP level 16. HP: 108/130 MP: 18/18
 26082 | Elf:1    | Found a runed translucent gate.
 26082 | Elf:1    | Found a runed translucent gate.
 26082 | Elf:1    | Found a runed translucent gate.
 26088 | Elf:1    | Noticed Baunymm's ghost (journeyman DsBe)
 26088 | Elf:1    | Noticed 0gre's ghost (adept GnIE)
 26088 | Elf:1    | Noticed Muofodoe's ghost (adept SpHu)
 26151 | Elf:1    | Paralysed by an air elemental for 1 turns
 26189 | Elf:1    | Found Igetoule's Assorted Antiques.
 26449 | Elf:1    | Reached skill level 17 in Ranged Weapons
 27888 | Elf:2    | Noticed a Tzitzimitl
 27918 | Elf:2    | Killed from afar by a deep elf knight

Illustrated notes

Levels and vault maps discovered:
D:1:      nagdon_arrival_double_spiral, layout_basic, serial_co_window_serial,
          co_window_corner_a, co_window_corner_a, co_window_corner_a,
          co_window_corner_a, co_window_paths_a, co_window_unsneaky_path_e,
          co_window_of_opportunity_b, co_window_broadway_c, co_window_corner_b,
          co_window_4corner_b, glass_columns_a, glass_columns_a, glass_columns_c
D:2:      layout_loops_ring, uniq_crazy_yiuf_cottage
D:3:      layout_basic
D:4:      layout_cave_pods, minmay_temple_entry_fiery, serial_park,
          serial_park_square1 [serial_park_minivault_5x5_3], serial_park_tiny_2,
          serial_park_tiny_1, serial_park_tiny_1, serial_park_tiny_pond,
          serial_bayou_pond_d, minivault_14
D:5:      nicolae_cairo_tiling_very_big, layout_gridville,
          grunt_temple_overflow_open, nicolae_dithmenos_the_darkroom,
          amethyst_overflow_temple_binary, serial_shops, nicolae_lakefront_shop,
          grunt_ministairs_11
D:6:      layout_gridville, portal_sewer_entry_d, uniq_duvessa
D:7:      layout_basic, led_sif_book, mainiacjoe_overflow_alcove_1,
          serial_undead, serial_undead_b, serial_undead_d, serial_undead_e,
          serial_undead_b, serial_undead_a, serial_undead_f,
          nicolae_nh_oracle_at_delphi
D:8:      layout_rooms, elyvilon_altar_5, enter_bailey_5, uniq_joseph,
          uniq_erica
D:9:      layout_roguey, kennysheep_mini
D:10:     layout_basic, lightli_fourway_metalbox, uniq_maggie, uniq_gastronok,
          uniq_josephine
D:11:     layout_gridville, lair_entry_dummy, minivault_21, grunt_ogre_cave,
          hangedman_feature_mirror
D:12:     layout_layer_cave, zombieorc2_lemuel, minmay_checkerbox
D:13:     layout_basic, grunt_vaults_entry_tiered, grunt_gozag_statues
D:14:     layout_stronghold, minivault_25, kennysheep_small_spiral,
          abandoned_shop, minmay_misc_feat_tiny
D:15:     gammafunk_enter_depths_forms, layout_rooms, minivault_4,
          hangedman_decor_growths
Temple:   nicolae_temple_x_marks_the_god
Lair:1:   layout_gridlike, gauntlet_entry_generic, infiniplex_staircase_pool
Lair:2:   minmay_guarded_unrand_snakebite, layout_chaotic_city, swamp_mist_pool,
          serial_bayou_shore_b, infiniplex_staircase_pool_2
Lair:3:   layout_loops_ring, guppyfry_snake_entry_island,
          hangedman_lair_generics_rect, lemuel_fruit_fields
Lair:4:   dreamdust_cave_troll, layout_cave_pods, chequers_serial_rivers_micro_d
Lair:5:   cheibrodos_lair_end_hotspot, layout_cave_shapes, slime_entry_1
Swamp:1:  layout_falls_marsh, hangedman_swamp_lotus, uniq_louise,
          uniq_mlioglotl, uniq_frances
Orc:1:    layout_caves
Orc:2:    grunt_orc_gardens, layout_caves, grunt_orc_garden, grunt_orc_garden,
          grunt_orc_garden, grunt_orc_garden
Elf:1:    minmay_elf_arrival_circle, layout_gridlike, serial_shops,
          nicolae_shop_overgrown_old_shop, gammafunk_ghost_cemetery,
          hangedman_elf_represent
Elf:2:    nicolae_elf_blades_crystal_corner, layout_gridlike, basic_altar,
          minmay_misc_feat_ornament, amcnicky_mini_rare_corridor_liquid

Skill      XL: |  1  2  3  4  5  6  7  8  9 10 11 12 13 14 15 16 |
---------------+-------------------------------------------------+-----
Stealth        | 1 |  1.0
Armour         | 1 2 3 4 6 7 9 11 12 13 | 13.6
Fighting       | 3 4 5 6 8 9 10 11 12 13 14 | 14.4
Dodging        | 3 4 5 6 7 8 9 10 11 12 13 | 13.3
Ranged Weapons | 5 6 7 8 10 11 13 15 16 17 | 17.6
Spellcasting   | 1 2 3 4 |  4.0
Throwing       | 1 2 3 |  3.0
Earth Magic    | 1 2 3 4 |  4.0
Invocations    | 1 3 5 6 7 |  7.8
Conjurations   | 1 2 3 4 |  4.0
Evocations     | 2 3 |  3.0
Short Blades   | 1 2 |  2.0
Summonings     | 4 5 7 9 10 | 10.0
Maces & Flails | 4 5 |  5.0

Action                     |  1- 3 |  4- 6 |  7- 9 | 10-12 | 13-15 | 16-18 || total
---------------------------+-------+-------+-------+-------+-------+-------++-------
  Melee: Whip              |       |     7 |       |       |       |       ||     7
         Headbutt          |       |     1 |       |     1 |       |       ||     2
         Short sword       |       |       |       |     6 |       |       ||     6
   Fire: Shortbow          |    84 |   108 |   380 |   442 |       |       ||  1014
         Arbalest          |       |       |       |    44 |  1103 |   209 ||  1356
         Hand crossbow     |       |       |       |       |     6 |       ||     6
  Throw: Dart              |       |     2 |       |     9 |       |       ||    11
   Cast: Call Canine Famil |       |       |       |       |     2 |       ||     2
 Invoke: Ancestor Life: Kn |       |       |     1 |       |       |       ||     1
         Recall Ancestor   |       |       |       |     2 |     6 |     1 ||     9
  Evoke: Wand              |       |       |       |     8 |     1 |     1 ||    10
         Lightning rod     |       |       |       |       |       |     3 ||     3
         Box of beasts     |       |       |       |       |       |     1 ||     1
    Use: Scroll            |     4 |    10 |     9 |    11 |     9 |     1 ||    44
         Potion            |       |     2 |       |     5 |     5 |     4 ||    16
 Armour: Leather armour    |     5 |    17 |    32 |       |       |       ||    54
         Skin              |       |     4 |       |       |       |       ||     4
         Robe              |       |       |    24 |    32 |     2 |       ||    58
         Steam dragon scal |       |       |       |     5 |    95 |       ||   100
         Chain mail        |       |       |       |       |    68 |       ||    68
         Ring mail         |       |       |       |       |     8 |    30 ||    38
  Dodge: Dodged            |    25 |    38 |    69 |   131 |   342 |    65 ||   670

Table legend: (Time is in decaauts)
 A = Elapsed time spent in this place.
 B = Non-inter-level travel time spent in this place.
 C = Inter-level travel time spent in this place.
 D = Time resting spent in this place.
 E = Time spent auto-exploring this place.
 F = Levels seen in this place.
 G = Mean time per level.
                   A        B        C        D        E       F      G
               +--------+--------+--------+--------+--------+-----+--------+
         Total |  28378 |  26526 |   1852 |   3487 |  17558 |  29 |  978.6 |
       Dungeon |  16861 |  15663 |   1198 |   1590 |  11141 |  15 | 1124.1 |
        Temple |     10 |     10 |      0 |      0 |      3 |   1 |   10.0 |
          Lair |   5812 |   5349 |    463 |    417 |   3984 |   5 | 1162.4 |
         Swamp |      1 |      1 |      0 |      0 |      0 |   1 |    1.0 |
  Orcish Mines |   1778 |   1689 |     89 |    218 |   1002 |   2 |  889.0 |
   Elven Halls |   2201 |   2100 |    101 |    568 |   1142 |   2 | 1100.5 |
         Sewer |    104 |    104 |      0 |      0 |     40 |   1 |  104.0 |
        Bailey |    966 |    966 |      0 |    403 |    109 |   1 |  966.0 |
      Gauntlet |    642 |    642 |      0 |    289 |    137 |   1 |  642.0 |
               +--------+--------+--------+--------+--------+-----+--------+

Top non-repeatable levels by time:
    D:12: 1819 daAuts
   Elf:1: 1810 daAuts
  Lair:5: 1642 daAuts
    D:10: 1502 daAuts
    D:14: 1457 daAuts
  Lair:2: 1284 daAuts
     D:3: 1282 daAuts
     D:7: 1239 daAuts
   Orc:2: 1189 daAuts
     D:9: 1135 daAuts
     D:5: 1090 daAuts
  Lair:3: 1090 daAuts
  Lair:4: 1048 daAuts
     D:2: 1039 daAuts
     D:1: 1023 daAuts
